 Dungeon Crawl Stone Soup version 0.25.1-11-g244df3a29b (webtiles) character file.

Game seed: 5117417353837200908

6317 releu the Nimble (level 10, 0/77 HPs)
             Began as a Merfolk Summoner on Oct 2, 2023.
             Was a Priest of Sif Muna.
             Slain by a killer bee (5 damage)
             ... on level 10 of the Dungeon on Oct 8, 2023.
             The game lasted 02:10:20 (18410 turns).

releu the Nimble (Merfolk Summoner)                Turns: 18410, Time: 02:10:21

Health: 0/77       AC:  2    Str:  8    XL:     10   Next: 95%
Magic:  18/18      EV: 17    Int: 22    God:    Sif Muna [***...]
Gold:   168        SH:  5    Dex: 14    Spells: 13/20 levels left

rFire    . . .     SeeInvis .   H - +2 dagger (venom)
rCold    . . .     Gourm    .   Q - +0 buckler
rNeg     . . .     Faith    .   a - +0 robe
rPois    .         Spirit   .   R - +0 hat {Int+3}
rElec    .         Reflect  .   i - scarf {repulsion}
rCorr    +         Harm     .   (no gloves)
MR       .....                  (no boots)
Stlth    ++++......             (no amulet)
HPRegen  0.22/turn              p - ring of resist corrosion
MPRegen  0.16/turn              G - ring of wizardry

@: lethally poisoned (0 -> -20), repel missiles
A: change form in water, swift swim, stealthy swim
a: Channel Magic, Forget Spell, Renounce Religion


You were on level 10 of the Dungeon.
You worshipped Sif Muna.
Sif Muna was most pleased with you.
You were very hungry.

You visited 2 branches of the dungeon, and saw 12 of its levels.
You also visited: Ossuary.

You collected 591 gold pieces.
You spent 423 gold pieces at shops.

Inventory:

Hand Weapons
 e - the +4 rapier "Muoruani" {drain, rPois Int+3 Dex+3 Stlth-}
   (You bought it in a shop on level 9 of the Dungeon)

   A truly terrible weapon, it drains the life of those it strikes.
   It affects your intelligence (+3).
   It affects your dexterity (+3).
   It protects you from poison.
   It makes you less stealthy.
 k - a +0 short sword
 m - a +0 club
 r - a +4 dagger
 C - a +3 trident
 H - a +2 dagger of venom (weapon)
Missiles
 f - 319 stones (quivered)
 u - 20 poisoned darts
 v - 10 javelins
 A - 6 boomerangs
 F - 118 sling bullets
Armour
 a - a +0 robe (worn)
 i - a scarf of repulsion (worn)
 M - the +9 plate armour of Awe {Regen+ Str+3 Int+3, unknown}
   (You found it on level 6 of the Dungeon)

   It affects your strength (+3).
   It affects your intelligence (+3).
   It increases your rate of regeneration.
 Q - a +0 buckler (worn)
 R - a +0 hat of intelligence (worn)
Jewellery
 d - a +4 ring of slaying
 p - a ring of resist corrosion (left hand)
 G - a ring of wizardry (right hand)
Wands
 B - a wand of flame (21)
 I - a wand of acid (19)
 K - a wand of enslavement (9)
Scrolls
 b - 4 scrolls of enchant weapon
 n - 2 scrolls of enchant armour {unknown}
 o - 4 scrolls of magic mapping
 y - a scroll of amnesia {unknown}
 E - 2 scrolls of immolation
 J - a scroll of fear
 L - 5 scrolls of remove curse
 N - a scroll of vulnerability {unknown}
 O - a scroll of fog {unknown}
Potions
 g - 2 potions of curing
 j - 3 potions of mutation
 l - 2 potions of resistance
 q - 5 potions of lignification
 s - a potion of magic {unknown}
 t - 2 potions of brilliance
 w - 2 potions of haste
 x - 3 potions of heal wounds
 z - 2 potions of might
 D - 2 potions of flight
 P - a potion of cancellation {unknown}
Comestibles
 c - 11 rations


   Skills:
 + Level 6.5 Fighting
 + Level 7.3 Short Blades
 + Level 8.5 Dodging
 + Level 7.5 Stealth
 + Level 3.8 Shields
 + Level 5.8 Spellcasting
 + Level 7.3 Summonings
 + Level 4.9 Ice Magic


You had 13 spell levels left.
You knew the following spells:

 Your Spells              Type           Power        Failure   Level  Hunger
a - Summon Small Mammal   Summ           ####         1%          1    None
b - Call Imp              Summ           #####...     1%          2    None
c - Summon Ice Beast      Ice/Summ       ####....     3%          4    ####...

Your spell library contained the following spells:

 Spells                   Type           Power        Failure   Level  Hunger
 Call Canine Familiar     Summ           #####...     1%          3    ##.....
 Summon Guardian Golem    Hex/Summ       ###.....     2%          3    ##.....
 Animate Skeleton         Necr           N/A          4%          1    None
 Foxfire                  Conj/Fire      #...         4%          1    None
 Pain                     Necr           #...         4%          1    None
 Summon Lightning Spire   Summ/Air       ###.....     9%          4    ####...
 Conjure Flame            Conj/Fire      #.......     12%         3    ##.....
 Inner Flame              Hex/Fire       #.......     12%         3    ##.....
 Vampiric Draining        Necr           #.........   12%         3    ##.....
 Animate Dead             Necr           N/A          34%         4    ####...
 Sticky Flame             Conj/Fire      #.......     34%         4    ####...
 Agony                    Necr           #.......     67%         5    #####..
 Fireball                 Conj/Fire      #.........   67%         5    #####..


Dungeon Overview and Level Annotations

Branches:
Dungeon (11/15)            Temple (1/1) D:4         Ossuary (visited)
   Lair: D:8-11         Orc: D:9-12

Altars:
Ashenzari
Cheibriados
Dithmenos
Elyvilon
Fedhas
Gozag
Hepliaklqana
Kikubaaqudgha
Makhleb
Nemelex Xobeh
Okawaru
Qazlal
Ru
Sif Muna
Trog
Uskayaw
Vehumet
Wu Jian
Xom
Yredelemnul
Zin
The Shining One

Shops:
D:8 [   D:9 =***   D:10 %

Annotations:
D:5 exclusions: ice beast and 2 phantoms
D:6 Pikel
D:8 exclusions: 2 Maurices and killer bee, Harold
D:9 3 runed translucent doors, kate's ghost, novice DsFi
D:11 exclusion: 2 ugly things


Message History

You hit the killer bee but do no damage.
The killer bee is poisoned.
You feel sick. The killer bee stings you. You block the killer bee's attack.
The killer bee misses you. x2
You hit the killer bee but do no damage.
The killer bee stings you but does no damage.
The killer bee stings you.
You are more poisoned.
The killer bee poisons you! The killer bee closely misses you.
The killer bee stings you. x2
* * * LOW HITPOINT WARNING * * *
You closely miss the killer bee.
You feel sick. The killer bee stings you.
* * * LOW HITPOINT WARNING * * *
You are more poisoned.
The killer bee poisons you! You block the killer bee's attack.
The killer bee closely misses you. The killer bee misses you.
The killer bee barely misses you. The killer bee stings you!
* * * LOW HITPOINT WARNING * * *
You are more poisoned.
The killer bee poisons you! The killer bee stings you.
You die...

#####...# #######...........#
#...# #..........######.# #5..#
#.######...# #.# #...# #.#
####...######.# #####...#
#.###..........##.### ........#
#.....##...###......# ........#
#.#####....# ####.#.# ........#
#.####yy...######.#.# ######'##
#....y@y..........#.# # #..#
#.######.##########.# # #.#####.#
#^# #.# # #.......# #.# ####.###
# #.####### ##+## #....... #.#
##...## #.##.### #.#### ##.....##
#.##.# # #.##.## ##.......##
#.#..# #
#####.....####.........###....###


You could see 4 killer bees.

Vanquished Creatures
  A centaur zombie (D:10)
  A gargoyle (D:10)
  A hornet (D:9)
  2 hippogriffs
  A human (D:7)
  A hungry ghost (D:11)
  A sky beast (D:10)
  A black bear (D:11)
  A phantom (D:10)
  An ogre (D:8)
  A wolf (D:10)
  2 centaurs
  2 big kobolds (D:7)
  Blork the orc (D:4)
  2 bullfrogs
  An elf skeleton (D:9)
  2 scorpions (D:9)
  8 killer bees
  A nameless horror (D:10)
  A howler monkey (D:10)
  6 crimson imps
  A hound (D:6)
  A quasit (D:7)
  4 human zombies (D:9)
  3 centaur skeletons
  An orc priest (D:3)
  2 iguanas
  4 worker ants
  An orc wizard (D:3)
  2 big kobold zombies (Ossuary)
  A mummy (Ossuary)
  3 worker ant zombies
  7 adders
  2 shadow imps
  An ooze (D:4)
  An adder skeleton (D:7)
  A worm (D:4)
  3 dart slugs
  3 leopard geckos
  13 orcs
  3 giant cockroaches
  2 goblins (D:2)
  A hobgoblin (D:1)
  3 jackals
  11 kobolds
  A quokka (D:8)
  2 bats (D:1)
  2 frilled lizards
  2 gnoll zombies (Ossuary)
  A goblin zombie (Ossuary)
  A hobgoblin zombie (Ossuary)
  2 kobold zombies (Ossuary)
  3 orc zombies
  A quokka skeleton (D:6)
  A quokka zombie (D:10)
  2 rats (D:2)
  A rat zombie (D:5)
131 creatures vanquished.

Vanquished Creatures (collateral kills)
  Gastronok (D:11)
  Maurice (D:8)
  2 trolls
  A hippogriff (D:9)
  A wraith (D:9)
  2 yaks (D:7)
  Grum (D:10)
  2 hogs
  2 water moccasins
  An ice beast (D:10)
  2 sky beasts (D:8)
  4 slaves (D:6)
  A black bear (D:7)
  4 ogres
  A bullfrog (D:5)
  A scorpion (D:4)
  A wight (D:9)
  A nameless horror (D:9)
  3 howler monkeys (D:10)
  3 crimson imps
  2 hounds
  2 human zombies (D:9)
  An orc priest (D:3)
  A jelly (D:8)
  4 worker ants
  2 iguanas
  5 orc wizards
  4 big kobold zombies (Ossuary)
  A hound zombie (D:7)
  2 mummies (D:9)
  7 adders
  A shadow imp (D:9)
  An adder zombie (D:9)
  2 worms
  3 dart slugs
  4 leopard geckos
  12 orcs
  A spectral bat (Ossuary)
  4 bats
  4 giant cockroaches
  7 goblins
  2 hobgoblins
  7 jackals
  4 quokkas
  A ball python (D:4)
  A bat simulacrum (Ossuary)
  4 frilled lizards
  3 gnoll zombies (Ossuary)
  A goblin simulacrum (Ossuary)
  4 goblin zombies
  4 hobgoblin zombies (Ossuary)
  8 kobolds
  A kobold simulacrum (Ossuary)
  2 kobold zombies (Ossuary)
  3 orc zombies (Ossuary)
  5 rats
  3 rat simulacra (Ossuary)
  4 spectral goblins (Ossuary)
  4 spectral kobolds (Ossuary)
  4 spectral rats (Ossuary)
170 creatures vanquished.

Vanquished Creatures (others)
  A big kobold zombie (Ossuary)
  A plant (D:4)
2 creatures vanquished.

Grand Total: 303 creatures vanquished

Notes
Turn   | Place    | Note
-------+----------+-------------------------------------------
     0 | D:1      | releu the Merfolk Summoner began the quest for the Orb.
     0 | D:1      | Reached XP level 1. HP: 13/13 MP: 3/3
   435 | D:1      | Reached XP level 2. HP: 16/19 MP: 0/5
   443 | D:1      | Learned a level 2 spell: Call Imp
   483 | D:1      | Reached skill level 3 in Dodging
  1155 | D:2      | Reached XP level 3. HP: 24/25 MP: 2/6
  1288 | D:2      | Reached skill level 1 in Fighting
  1658 | D:2      | Found a bloodstained altar of Trog.
  1907 | D:2      | Reached skill level 1 in Short Blades
  2434 | D:3      | Reached XP level 4. HP: 24/32 MP: 1/7
  3375 | D:3      | Reached XP level 5. HP: 31/38 MP: 6/8
  3632 | D:4      | Noticed an ogre
  4003 | D:4      | Noticed Blork the orc
  4143 | D:4      | Found a staircase to the Ecumenical Temple.
  4148 | D:4      | Noticed an ogre
  4421 | D:5      | Entered Level 5 of the Dungeon
  4439 | D:5      | Reached skill level 4 in Dodging
  4629 | D:5      | Found a sand-covered staircase.
  4653 | Ossuary  | Entered an ossuary
  5117 | Ossuary  | Reached XP level 6. HP: 35/44 MP: 6/10
  5703 | D:5      | Noticed an ice beast
  5936 | D:4      | Got a polished whip
  6292 | D:5      | Noticed a phantom
  6670 | Temple   | Entered the Ecumenical Temple
  6712 | Temple   | Became a worshipper of Sif Muna the Loreminder
  7044 | D:4      | Found a hazy altar of Hepliaklqana.
  7287 | D:4      | Reached XP level 7. HP: 8/51 MP: 6/11
  7685 | D:4      | Killed Blork the orc
  7685 | D:4      | Reached skill level 5 in Summonings
  8302 | D:6      | Reached skill level 5 in Dodging
  8570 | D:6      | Noticed Pikel
  8964 | D:7      | Found an ornate altar of the Wu Jian Council.
  8976 | D:7      | You fall into a shaft and drop 2 floors!
  8976 | D:9      | Found a white marble altar of Elyvilon.
  9239 | D:9      | Found Figugyim's Assorted Antiques.
  9247 | D:9      | Bought an ichor-stained rapier for 225 gold pieces
  9247 | D:9      | Bought a scroll labeled IBOFUN POGOUTZ for 25 gold pieces
  9257 | D:9      | Found a glowing golden altar of the Shining One.
  9257 | D:9      | Noticed a hippogriff
  9266 | D:9      | Found Iqifocwa's General Store.
  9272 | D:9      | Found Xugufara's Jewellery Shoppe.
  9280 | D:9      | Noticed a hippogriff
  9285 | D:9      | Noticed a hippogriff
  9291 | D:9      | Noticed kate's ghost (novice DsFi)
  9317 | D:9      | Noticed a troll
  9619 | D:8      | Noticed Maurice
  9792 | D:5      | Reached XP level 8. HP: 32/59 MP: 11/13
  9876 | D:4      | Learned a level 4 spell: Summon Ice Beast
 10694 | D:6      | Found a blossoming altar of Fedhas.
 10816 | D:6      | Got a twisted plate armour
 10960 | D:6      | Identified the +4 rapier "Muoruani" {drain, rPois Int+3
                  | Dex+3 Stlth-} (You bought it in a shop on level 9 of the
                  | Dungeon)
 10996 | D:7      | Reached * piety under Sif Muna
 11228 | D:7      | Reached skill level 5 in Stealth
 11431 | D:7      | Noticed a yak
 11431 | D:7      | Noticed a yak
 11453 | D:6      | Reached skill level 1 in Ice Magic
 11525 | D:7      | Reached skill level 6 in Dodging
 11931 | D:8      | Reached skill level 5 in Short Blades
 11974 | D:8      | Noticed Harold
 12252 | D:8      | Reached XP level 9. HP: 33/66 MP: 10/15
 12669 | D:8      | Found Bingaok's Armour Shop.
 12675 | D:8      | Bought a +0 buckler for 49 gold pieces
 12702 | D:8      | You fall into a shaft and drop 1 floor!
 12732 | D:8      | Reached skill level 5 in Fighting
 12757 | D:8      | You fall into a shaft and drop 1 floor!
 12758 | D:9      | Noticed a hornet
 12779 | D:9      | HP: 3/68 [killer bee (7)]
 12780 | D:10     | Entered Level 10 of the Dungeon
 13068 | D:10     | Noticed Grum
 13101 | D:11     | Noticed a purple ugly thing
 13119 | D:10     | Reached ** piety under Sif Muna
 13208 | D:10     | Noticed a gargoyle
 13582 | D:10     | Reached skill level 1 in Shields
 13766 | D:9      | Found a runed translucent gate.
 13766 | D:9      | Found a runed translucent gate.
 13766 | D:9      | Found a runed translucent gate.
 13805 | D:7      | HP: 3/68 [adder (4)]
 13813 | D:7      | HP: 2/68 [poisoned by an adder]
 13821 | D:7      | HP: 1/68 [poisoned by an adder]
 14138 | D:8      | Killed Maurice
 14138 | D:8      | Reached skill level 7 in Dodging
 15044 | D:8      | Reached skill level 5 in Spellcasting
 15275 | D:9      | Reached XP level 10. HP: 25/75 MP: 17/17
 15588 | D:9      | Found Tuguf's Assorted Antiques.
 15708 | D:9      | Bought a scroll of identify for 40 gold pieces
 15708 | D:9      | Identified the +4 whip "Xyan" {vorpal, Int+4 Dex+2} (You
                  | found it on level 4 of the Dungeon)
 15741 | D:9      | Bought a scroll of identify for 28 gold pieces
 15741 | D:9      | Bought a potion of might for 56 gold pieces
 16395 | D:9      | Found an ancient bone altar of Kikubaaqudgha.
 16425 | D:9      | Reached *** piety under Sif Muna
 16853 | D:10     | Reached skill level 8 in Dodging
 16860 | D:10     | Killed Grum
 17161 | D:10     | Found an opulent altar of Gozag.
 17264 | D:10     | Found Neiwof's Food Boutique.
 17392 | D:11     | Noticed Gastronok
 17529 | D:8      | Found a white marble altar of Elyvilon.
 17530 | D:8      | Found a glowing silver altar of Zin.
 17634 | D:8      | Found an iron altar of Okawaru.
 17858 | D:10     | Killed a gargoyle
 17919 | D:11     | Noticed a white ugly thing
 18037 | D:10     | HP: 2/76 [troll (13)]
 18140 | D:11     | Killed Gastronok
 18410 | D:10     | Slain by a killer bee

Illustrated notes

Levels and vault maps discovered:
D:1:      tarquinn_simple_flora_water_d, layout_loops_ring,
          hangedman_decor_clover_reticule
D:2:      layout_basic, lemuel_doored_altar
D:3:      layout_basic, first_ration
D:4:      layout_loops_ring, kennysheep_mini_moat,
          minmay_temple_entry_gardened_gates, chequers_mini_garden,
          uniq_blork_the_orc
D:5:      layout_cave_pools, enter_ossuary_3
D:6:      layout_loops_corners, fedhas_altar_1, uniq_pikel
D:7:      layout_cave_pools, old_standard_altar, grunt_livestock
D:8:      layout_rooms, marbit_many_paths, gammafunk_temple_overflow_wave,
          serial_shops, shop, uniq_harold, uniq_maurice
D:9:      layout_cave_pools, lemuel_mausoleum_altar_kikubaaqudgha,
          nicolae_overflow_crystal_walls, serial_shops, shop, shop, shop, shop,
          gammafunk_ghost_icy, elyvilon_altar_3
D:10:     kennysheep_blocky_hall, layout_loops_corners, serial_shops,
          nicolae_shop_waterfront, corexii_corridor_pit,
          nicolae_gozag_cash_rules_everything_around_me, uniq_grum
D:11:     layout_long_grid, dpeg_lair_monsters, uniq_gastronok
Temple:   minmay_temple_curvy_branch

Skill      XL: |  1  2  3  4  5  6  7  8  9 10 |
---------------+-------------------------------+-----
Dodging        | 3 4 5 6 7 8 |  8.5
Fighting       | 1 2 3 4 5 6 |  6.5
Short Blades   | 1 2 3 4 5 6 7 |  7.3
Stealth        | 3 4 5 6 7 |  7.5
Spellcasting   | 3 4 5 |  5.8
Summonings     | 5 6 7 |  7.3
Ice Magic      | 2 3 4 |  4.9
Shields        | 2 3 |  3.8

Action                   |  1- 3 |  4- 6 |  7- 9 | 10-12 || total
-------------------------+-------+-------+-------+-------++-------
Melee: Short sword       |    98 |   277 |    55 |       ||   430
       Unarmed           |     3 |       |       |       ||     3
       Dagger            |       |       |   379 |   247 ||   626
Throw: Stone             |       |     1 |     6 |     1 ||     8
       Dart              |       |       |     4 |     2 ||     6
 Cast: Summon Small Mamm |    21 |    25 |     3 |       ||    49
       Call Imp          |    25 |    85 |    89 |     8 ||   207
       Summon Ice Beast  |       |       |    36 |    35 ||    71
  Use: Scroll            |     7 |    11 |     7 |     4 ||    29
       Potion            |       |     2 |     5 |     2 ||     9
 Stab: Distracted        |     1 |     6 |     2 |     3 ||    12
       Sleeping          |     5 |     2 |     7 |     6 ||    20
  Eat: Chunk             |     6 |    10 |    19 |     8 ||    43
       Ration            |       |     3 |     5 |     2 ||    10
Armor: Robe              |    21 |    28 |    62 |    10 ||   121
       Skin              |       |       |    18 |       ||    18
Dodge: Dodged            |    90 |   185 |   485 |   155 ||   915
       Repelled          |     7 |     8 |    16 |     5 ||    36
Block: Buckler           |       |       |    28 |    46 ||    74
